Map: Battle on the Boardwalk LE

Players

Bly

  • Race: Zerg Zerg
  • Spawn Location: 1:00

liquidthermy (uThermal) - Winner!

  • Race: Terran Terran
  • League: Grandmaster
  • Spawn Location: 11:00

Event: WESG Barcelona European Finals 2017

VOD

Have the link to the VOD?

Description

Time

  • Played on: Nov. 23, 2017, 8:05 a.m.
  • Length: 10:55

All games in this series

Show
View Real Time Build Order
Export as new Build Order

Bly Zerg 

Build Orders: Hatch First 

Get SALT Encoding   

  12  0:01  Drone  
  13  0:13  Overlord  
  13  0:17  Drone  
  14  0:32  Drone x2  
  16  0:37  Drone  
  17  0:53  Hatchery  
  16  1:06  Spawning Pool  
  16  1:08  Drone  
  16  1:12  Drone  
  16  1:15  Drone  
  18  1:21  Drone  
  19  1:43  Drone, Extractor  
  19  1:46  Hatchery  
  18  1:53  Queen  
  20  1:56  Zergling x2  
  21  2:05  Queen  
  23  2:10  Drone  
  23  2:13  Drone  
  25  2:19  Overlord  
  25  2:23  Drone  
  25  2:27  Drone  
  27  2:38  Drone x2  
  29  2:51  Drone  
  29  2:52  Drone x3  
  33  2:59  Overlord  
  33  3:02  Queen, Extractor  
  34  3:17  Drone x3  
  37  3:20  Drone x2  
  37  3:21  Drone  
  37  3:22  Zergling x2  
  37  3:25  Zergling x2  
  42  3:35  Metabolic Boost  
  41  3:41  Roach Warren  
  41  3:44  Drone, Overlord  
  41  3:56  Overlord x3  
  41  4:02  Overlord  
  41  4:21  Roach x10  
  41  4:22  Roach  
  63  4:28  Zergling x4  
  63  4:29  Zergling x4  
  67  4:33  Zergling x2  
  68  4:49  Zergling x12  
  70  4:55  Zergling x2  
  70  4:56  Zergling x2  
  71  5:06  Zergling x4  
  71  5:07  Zergling x2  
  65  5:15  Zergling x6  
  58  5:33  Drone  
  58  5:34  Drone x5  
  54  5:38  Drone  
  54  5:42  Drone x2  
  51  5:53  Spore Crawler  
  51  5:54  Spore Crawler  
  51  5:55  Spore Crawler  
  48  6:02  Drone x2  
  51  6:12  Drone  
  51  6:15  Zergling x2  
  51  6:16  Zergling x4  
  47  6:28  Drone x6  
  47  6:29  Drone  
  44  6:47  Roach x4  
  49  6:56  Queen  
  50  7:07  Queen  
  50  7:13  Ravager x4  
  54  7:23  Hatchery  
  54  7:28  Roach x4  
  63  7:30  Roach  
  65  7:51  Ravager x4  
  65  7:52  Ravager  
  68  8:01  Lair  
  68  8:12  Drone x3  
  71  8:18  Zergling x10, Roach x2  
  76  8:54  Drone  
  76  8:55  Drone x8  
  85  9:03  Infestation Pit  
  84  9:11  Overseer  
  77  9:30  Roach x6  
  87  9:34  Overlord  
  85  9:43  Extractor x2  
  83  9:48  Overlord  
  83  9:55  Hatchery  
  83  9:56  Overlord x2  
  83  9:58  Drone  
  77  10:11  Drone x4  
  77  10:12  Drone x2  
  83  10:16  Hatchery, Overlord  
  83  10:20  Roach  
  84  10:27  Roach  
  84  10:28  Roach x3  
  92  10:29  Ravager x3  
Show
View Real Time Build Order
Export as new Build Order

liquidthermy Terran - Winner!

Build Orders: Gas First Reaper Expand, Reaper Expand 

Get SALT Encoding   

  12  0:01  SCV  
  13  0:13  SCV  
  14  0:17  Supply Depot  
  14  0:25  SCV  
  14  0:27  Refinery  
  15  0:38  SCV  
  16  0:44  Barracks  
  16  0:50  SCV  
  17  1:02  SCV  
  18  1:15  SCV  
  19  1:31  Reaper, Orbital Command  
  20  1:43  Command Center  
  20  1:55  Factory  
  20  1:58  SCV  
  21  2:07  Barracks Reactor  
  21  2:10  SCV  
  21  2:13  Supply Depot  
  22  2:17  Refinery  
  22  2:22  SCV  
  23  2:34  SCV  
  24  2:41  Hellion  
  26  2:44  Starport, Marine x2  
  26  2:46  SCV  
  29  2:56  Orbital Command  
  29  2:58  SCV  
  29  3:02  Marine x2  
  32  3:12  Cyclone  
  35  3:16  SCV  
  36  3:22  SCV  
  36  3:23  Medivac  
  39  3:27  Marine x2  
  39  3:31  SCV  
  42  3:34  SCV  
  43  3:41  Supply Depot  
  43  3:44  SCV  
  43  3:46  SCV  
  45  3:53  Barracks Tech Lab  
  45  3:55  Starport Tech Lab  
  45  3:57  SCV  
  46  4:04  Hellion x2  
  46  4:05  SCV, Supply Depot  
  51  4:10  SCV  
  51  4:14  Cloaking Field, Banshee  
  54  4:24  Supply Depot  
  54  4:27  SCV x2, Hellion x2  
  60  4:39  SCV x2  
  62  4:48  Command Center, Cyclone  
  62  4:49  Cyclone  
  64  4:58  Supply Depot  
  64  4:59  Banshee  
  67  5:01  SCV x2  
  69  5:11  Supply Depot  
  69  5:16  Supply Depot, Orbital Command  
  69  5:19  SCV  
  70  5:28  Supply Depot  
  70  5:33  Hellion  
  70  5:34  SCV  
  70  5:38  Hellion  
  66  5:46  SCV x2  
  68  5:52  Armory  
  68  5:57  Armory  
  68  5:58  SCV x2  
  68  6:01  Hellion  
  68  6:02  Orbital Command  
  72  6:10  SCV x2  
  74  6:13  Refinery x2  
  74  6:14  Hellion  
  76  6:22  SCV x2  
  75  6:32  SCV  
  70  6:34  SCV  
  70  6:35  SCV  
  70  6:36  Hellion  
  70  6:37  Banshee  
  70  6:38  Hellion  
  77  6:40  Supply Depot  
  77  6:44  SCV  
  77  6:46  Terran Vehicle And Ship Armor Level 1, Terran Vehicle Weapons Level 1  
  77  6:47  SCV x2  
  80  6:56  SCV  
  80  6:58  Hellion  
  80  6:59  SCV x2, Hellion  
  87  7:02  Factory  
  87  7:04  Supply Depot  
  87  7:05  Factory  
  88  7:08  SCV  
  88  7:09  Barracks Tech Lab  
  88  7:11  SCV x2  
  88  7:12  Refinery  
  88  7:13  Refinery  
  90  7:15  Supply Depot  
  90  7:20  SCV  
  90  7:22  Hellion x2  
  92  7:23  SCV  
  92  7:24  SCV  
  92  7:29  Starport Reactor, Engineering Bay  
  94  7:32  SCV  
  95  7:41  SCV  
  95  7:42  SCV  
  95  7:43  Supply Depot x2  
  97  7:44  SCV  
  97  7:45  Hellion x2  
  102  7:55  Thor  
  108  8:02  Thor  
  108  8:04  Command Center  
  114  8:06  Medivac x2  
  114  8:09  Hellion x2  
  122  8:18  Factory  
  122  8:20  Factory  
  122  8:24  Supply Depot x2  
  122  8:30  Infernal Pre-Igniter  
  122  8:37  Hellion x2  
  122  8:38  Siege Tank  
  128  8:43  Medivac x2  
  132  8:51  Siege Tank  
  135  8:58  Hellion  
  135  8:59  Hellion  
  139  9:04  Command Center  
  139  9:06  Supply Depot, Hellion  
  139  9:07  Supply Depot  
  139  9:08  Command Center  
  141  9:10  Factory Tech Lab, Siege Tank  
  144  9:20  Hellion x2  
  144  9:23  Siege Tank  
  149  9:27  Hellion  
  150  9:32  Supply Depot, Hellion  
  150  9:34  Supply Depot  
  151  9:42  Siege Tank  
  151  9:44  Hellion  
  156  9:46  Hellion  
  156  9:48  Hellion  
  160  9:53  Siege Tank  
  160  9:55  Siege Tank  
  160  9:56  Missile Turret  
  165  10:07  Hellion  
  167  10:14  Siege Tank  
  170  10:22  Supply Depot  
  170  10:23  Hellion  
  170  10:24  Factory Reactor  
  170  10:28  Hellion  
Tags
 
Add a new tag
Caveats
  • Supply blocks, unpowered buildings, or Contaminate may cause inaccurate times.
  • Supply counts are checked every 10 seconds.